 Dungeon Crawl Stone Soup version 0.25.1-8-g42b30a86e7 (webtiles) character file.

Game seed: 13698090985064284148

57 gruber the Chiller (level 3, -3/24 HPs)
             Began as a Demonspawn Ice Elementalist on Dec 21, 2020.
             Slain by Natasha (5 damage)
             ... on level 2 of the Dungeon.
             The game lasted 00:01:26 (1526 turns).

gruber the Chiller (Demonspawn Ice Elementalist)    Turns: 1526, Time: 00:01:27

Health: -3/24      AC:  2    Str:  8    XL:     3   Next: 73%
Magic:  0/6        EV: 12    Int: 17    God:
Gold:   80         SH:  0    Dex: 13    Spells: 5/6 levels left

rFire    . . .     SeeInvis .   e - +0 short sword
rCold    . . .     Gourm    .   (no shield)
rNeg     . . .     Faith    .   a - +0 robe
rPois    .         Spirit   .   (no helmet)
rElec    .         Reflect  .   (no cloak)
rCorr    .         Harm     .   (no gloves)
MR       .....                  (no boots)
Stlth    ++........             (no amulet)
HPRegen  0.08/turn              (no ring)
MPRegen  0.10/turn              (no ring)

@: no status effects
A: hooves 1, sturdy frame 1
a: no special abilities


You were on level 2 of the Dungeon.
You were not hungry.

You visited 1 branch of the dungeon, and saw 2 of its levels.

You collected 80 gold pieces.

Inventory:

Hand Weapons
 e - a +0 short sword (weapon)
Armour
 a - a +0 robe (worn)
Scrolls
 h - a scroll of identify {unknown}
Potions
 b - a potion of degeneration {unknown}
 d - 2 potions of might {unknown}
 f - a potion of heal wounds {unknown}
 g - a potion of resistance {unknown}
Comestibles
 c - a ration


   Skills:
 - Level 1.7 Dodging
 - Level 1.7 Stealth
 + Level 2.4 Spellcasting
 * Level 4.7 Ice Magic


You had 5 spell levels left.
You knew the following spells:

 Your Spells              Type           Power        Failure   Level  Hunger
a - Freeze                Ice            ###.         2%          1    #......

Your spell library contained the following spells:

 Spells                   Type           Power        Failure   Level  Hunger
 Frozen Ramparts          Ice            ###...       8%          3    ###....
 Ozocubu's Armour         Chrm/Ice       ##......     22%         3    ###....
 Hailstorm                Conj/Ice       ##......     56%         4    #####..
 Summon Ice Beast         Ice/Summ       ##......     56%         4    #####..


Dungeon Overview and Level Annotations

Branches:
Dungeon (2/15)

Altars:

Annotations:
D:2 Natasha


Innate Abilities, Weirdness & Mutations

You have large cloven feet.
Your movements are slightly less encumbered by armour. (ER -2)


Message History

You freeze Natasha.
Natasha is severely wounded.
Natasha barely misses you.
Casting: Freeze (safe; 2% risk of failure)
Confirm with . or Enter, or press ? or * to list all spells.
Aiming: Freeze (safe; 2% risk of failure)
Press: ? - help, Shift-Dir - straight line, f/p - Natasha
Aim: Natasha, carrying a wand of flame (10) (severely wounded)
You freeze Natasha.
Natasha is almost dead.
Natasha stares at you and mumbles some strange words.
The magic dart hits you!
Unknown command.
Unknown command.
You hit Natasha.
Natasha is almost dead.
Natasha zaps a wand.
The puff of flame hits you!
* * * LOW HITPOINT WARNING * * *
Natasha claws you.
You die...

#.#..# #.#..## #.#<)..
#.##### #### #.....# ...
#####.# .### #.### #.#
(.=..#.h.#############.#
......?@.......รท.)....>.
..##.##..###############
#..# #.....# ####!## #.#
#.# #.# #.#


You could see Natasha.

Vanquished Creatures
  Natasha (D:2)
  2 oozes (D:1)
  A dart slug (D:1)
  A giant cockroach (D:1)
  5 hobgoblins (D:1)
  2 jackals (D:1)
  2 kobolds
  4 bats
  2 goblins
  2 rats
22 creatures vanquished.

Notes
Turn   | Place    | Note
-------+----------+-------------------------------------------
     0 | D:1      | gruber the Demonspawn Ice Elementalist began the quest for
                  | the Orb.
     0 | D:1      | Reached XP level 1. HP: 13/13 MP: 3/3
   372 | D:1      | Reached skill level 4 in Ice Magic
   372 | D:1      | Gained mutation: Your movements are slightly less
                  | encumbered by armour. (ER -2) [demonic ancestry]
   372 | D:1      | Reached XP level 2. HP: 15/19 MP: 0/5
   916 | D:1      | Gained mutation: You have large cloven feet. [demonic
                  | ancestry]
   916 | D:1      | Reached XP level 3. HP: 18/24 MP: 6/6
  1328 | D:2      | Noticed Natasha
  1334 | D:2      | Killed Natasha
  1517 | D:2      | Noticed Natasha
  1526 | D:2      | Slain by Natasha

Illustrated notes

Levels and vault maps discovered:
D:1:      minmay_arrival_checkered_box, layout_rooms
D:2:      layout_basic, uniq_natasha

Skill      XL: |  1 |
---------------+----+-----
Ice Magic      | 4 |  4.7
Dodging        | |  1.7
Stealth        | |  1.7
Spellcasting   | |  2.4

Action                   || total
-------------------------++-------
Melee: Unarmed           ||     9
       Short sword       ||    44
       Kick              ||     3
 Cast: Freeze            ||    32
  Eat: Chunk             ||     2
Armor: Robe              ||    17
Dodge: Dodged            ||    60
